Map: Blood Boil LE

Players

Nerchio

  • Race: Zerg Zerg
  • Spawn Location: 5:00

Elazer - Winner!

  • Race: Zerg Zerg
  • Spawn Location: 11:00

Event: WCS Valencia 2017

VOD

Have the link to the VOD?

Description

Time

  • Played on: July 15, 2017, 6:46 a.m.
  • Length: 13:09

All games in this series

Show
View Real Time Build Order
Export as new Build Order

Nerchio Zerg 

Build Orders: Hatch First 

Get SALT Encoding   

  12  0:00  Unknown, Drone  
  13  0:12  Overlord  
  13  0:20  Drone  
  14  0:31  Drone x2  
  14  0:35  Drone  
  17  0:54  Hatchery  
  17  0:57  Drone  
  17  1:11  Spawning Pool  
  17  1:14  Drone  
  17  1:17  Drone  
  18  1:38  Hatchery  
  17  1:41  Drone  
  17  1:45  Drone  
  19  1:59  Queen  
  19  2:00  Zergling x2  
  22  2:07  Queen  
  24  2:14  Drone  
  25  2:17  Drone x2  
  25  2:21  Overlord  
  27  2:25  Drone  
  28  2:39  Queen  
  28  2:41  Drone x3  
  28  2:43  Drone  
  34  2:50  Queen  
  36  2:53  Drone  
  36  2:54  Drone  
  38  3:00  Drone x2  
  38  3:04  Overlord  
  40  3:09  Drone  
  40  3:10  Extractor x2, Drone  
  40  3:12  Drone  
  41  3:14  Drone  
  42  3:24  Drone x5  
  47  3:29  Evolution Chamber, Drone  
  47  3:32  Drone  
  47  3:33  Drone  
  49  3:35  Overlord  
  49  3:42  Roach Warren  
  49  3:44  Drone  
  49  3:48  Overlord  
  49  3:55  Drone x4  
  53  3:56  Drone  
  53  3:59  Extractor  
  53  4:02  Zerg Missile Weapons Level 1  
  53  4:03  Drone x2  
  53  4:05  Drone  
  53  4:06  Drone  
  53  4:08  Drone  
  53  4:09  Drone  
  59  4:11  Drone  
  59  4:18  Lair  
  59  4:19  Drone x2  
  59  4:21  Drone x2  
  63  4:24  Overlord  
  63  4:27  Overlord  
  63  4:31  Overlord  
  63  4:33  Drone x3  
  63  4:38  Extractor, Overlord  
  65  4:39  Extractor  
  65  4:45  Drone x2  
  65  4:46  Drone x2  
  65  4:52  Drone x5  
  72  5:05  Hatchery  
  72  5:06  Drone  
  72  5:07  Drone  
  73  5:08  Overlord  
  73  5:16  Glial Reconstitution  
  73  5:17  Evolution Chamber, Roach  
  73  5:18  Roach x5  
  73  5:19  Roach  
  73  5:21  Roach  
  88  5:23  Roach  
  88  5:26  Roach x2  
  88  5:27  Overlord  
  94  5:29  Overseer  
  94  5:31  Overlord  
  94  5:35  Roach x2  
  98  5:37  Overlord  
  98  5:38  Overlord  
  98  5:43  Zerg Ground Armor Level 1  
  98  5:47  Roach  
  98  5:48  Roach x2  
  98  5:49  Roach  
  106  5:53  Roach x3  
  112  6:01  Roach x4  
  112  6:02  Roach  
  122  6:06  Roach x2  
  122  6:08  Zerg Missile Weapons Level 2  
  126  6:13  Drone x2  
  126  6:14  Hydralisk Den  
  126  6:15  Roach  
  129  6:19  Spore Crawler, Roach  
  129  6:20  Roach  
  129  6:21  Overlord  
  129  6:24  Roach  
  129  6:25  Roach  
  136  6:27  Roach  
  138  6:33  Roach  
  138  6:34  Roach x2  
  144  6:40  Roach x4  
  144  6:42  Spore Crawler  
  144  6:44  Roach  
  144  6:45  Overlord  
  144  6:46  Overlord  
  151  6:50  Overlord  
  151  6:52  Overlord  
  151  6:58  Tunneling Claws  
  151  6:59  Burrow  
  151  7:05  Drone x4  
  151  7:07  Ravager, Roach x2  
  151  7:08  Ravager  
  161  7:11  Roach x2  
  161  7:12  Roach  
  161  7:14  Roach  
  169  7:17  Roach  
  169  7:19  Roach  
  169  7:20  Roach  
  169  7:21  Extractor  
  169  7:22  Roach  
  176  7:24  Roach  
  176  7:25  Roach  
  176  7:27  Roach  
  182  7:32  Queen  
  184  7:37  Overlord x3  
  184  7:41  Overlord  
  184  7:47  Roach  
  184  7:48  Roach x2  
  184  7:49  Roach x3  
  184  7:50  Roach  
  176  7:53  Roach  
  176  7:54  Roach  
  176  7:55  Roach  
  176  7:57  Roach  
  160  7:59  Roach  
  160  8:00  Roach  
  160  8:02  Roach  
  160  8:03  Roach  
  154  8:07  Roach x2  
  154  8:08  Roach  
  154  8:10  Roach  
  153  8:16  Roach x2  
  153  8:18  Roach x3  
  161  8:20  Hydralisk  
  161  8:22  Drone  
  161  8:23  Drone  
  161  8:25  Drone x2  
  161  8:27  Roach  
  167  8:30  Roach x2  
  167  8:33  Roach  
  169  8:34  Roach  
  169  8:36  Roach  
  169  8:37  Roach  
  169  8:40  Roach  
  166  8:42  Roach  
  166  8:43  Roach  
  166  8:46  Roach  
  166  8:47  Roach  
  156  8:48  Roach  
  156  8:51  Roach  
  156  8:52  Roach  
  156  8:54  Roach  
  146  8:56  Roach  
  146  8:59  Roach  
  146  9:00  Roach  
  146  9:02  Roach  
  154  9:05  Ravager  
  154  9:06  Ravager x3, Roach  
  154  9:08  Roach  
  162  9:11  Roach  
  162  9:12  Roach  
  162  9:16  Roach x2  
  170  9:19  Roach  
  170  9:22  Roach x2  
  174  9:24  Roach  
  174  9:26  Roach  
  174  9:27  Roach  
  174  9:31  Roach x2  
  174  9:33  Roach  
  174  9:35  Roach  
  174  9:37  Roach  
  174  9:38  Roach  
  158  9:40  Roach  
  158  9:43  Roach  
  158  9:44  Roach  
  152  9:46  Roach  
  152  9:47  Roach  
  152  9:48  Roach  
  152  9:50  Roach  
  152  9:51  Roach  
  142  9:55  Roach  
  142  9:59  Roach x2  
  146  10:02  Roach  
  146  10:03  Queen  
  146  10:06  Roach  
  149  10:10  Roach x2  
  149  10:12  Roach  
  155  10:16  Roach  
  156  10:21  Roach  
  156  10:22  Overseer, Roach  
  156  10:23  Roach  
  156  10:26  Roach  
  156  10:28  Roach x3  
  168  10:31  Roach x2  
  168  10:32  Ravager  
  168  10:34  Roach  
  175  10:38  Roach  
  175  10:42  Roach  
  179  10:43  Roach  
  179  10:44  Overlord  
  179  10:46  Ravager  
  179  10:49  Overlord  
  182  10:52  Overlord  
  182  10:56  Roach  
  184  10:57  Overlord  
  184  10:58  Overlord  
  184  10:59  Overlord  
  184  11:04  Roach x3  
  184  11:06  Roach x6  
  184  11:07  Roach x6  
  184  11:08  Roach x2  
  184  11:09  Ravager x2, Roach x6  
  184  11:10  Ravager  
  194  11:11  Ravager  
  194  11:16  Roach  
  194  11:17  Roach x2  
  188  11:20  Roach x2  
  188  11:22  Roach  
  188  11:31  Roach x4  
  196  11:34  Roach x2  
  196  11:37  Roach  
  199  11:42  Roach  
  199  11:46  Roach x2  
  197  11:51  Roach x3  
  197  11:53  Roach  
  196  11:54  Ravager  
  196  11:55  Ravager  
  196  11:57  Roach  
  196  12:00  Roach  
  200  12:14  Roach x43  
  200  12:20  Pneumatized Carapace  
  200  12:22  Roach x2  
  196  12:23  Roach x5  
  196  12:25  Roach  
  190  12:38  Roach  
  190  12:40  Roach x2  
  190  12:41  Roach x2  
  190  12:42  Roach  
  152  12:45  Roach  
  152  12:46  Roach  
  152  12:48  Roach  
Show
View Real Time Build Order
Export as new Build Order

Elazer Zerg - Winner!

Build Orders: Hatch First, Lurkers 

Get SALT Encoding   

  12  0:00  Unknown, Drone  
  13  0:12  Overlord  
  13  0:17  Drone  
  14  0:30  Drone  
  14  0:31  Drone  
  14  0:34  Drone  
  17  0:52  Hatchery  
  17  0:55  Drone  
  17  1:09  Spawning Pool  
  16  1:12  Drone  
  16  1:16  Drone  
  19  1:18  Drone  
  19  1:39  Hatchery  
  18  1:41  Drone  
  18  1:44  Drone  
  20  1:56  Queen  
  22  2:04  Queen  
  22  2:07  Zergling x2  
  25  2:08  Zergling x2  
  25  2:11  Drone  
  27  2:16  Overlord  
  27  2:19  Drone  
  28  2:34  Queen  
  28  2:37  Drone x4  
  32  2:43  Drone  
  35  2:47  Overlord  
  35  2:51  Queen  
  35  2:54  Drone  
  35  2:56  Drone  
  39  3:01  Drone  
  39  3:03  Drone x2  
  42  3:06  Drone  
  42  3:07  Drone  
  42  3:08  Drone  
  42  3:10  Drone  
  42  3:12  Drone  
  47  3:16  Overlord  
  47  3:18  Drone  
  49  3:20  Drone  
  49  3:21  Drone  
  49  3:23  Drone  
  50  3:27  Extractor  
  50  3:28  Drone  
  50  3:30  Extractor  
  50  3:32  Overlord  
  50  3:33  Drone  
  50  3:36  Drone  
  50  3:39  Drone  
  52  3:42  Drone  
  52  3:45  Extractor  
  52  3:46  Drone x6  
  58  3:50  Drone, Overlord  
  59  3:56  Evolution Chamber, Drone, Overlord  
  59  4:03  Overlord  
  59  4:05  Extractor  
  59  4:07  Overlord  
  58  4:14  Overlord  
  58  4:15  Overlord  
  58  4:17  Lair, Drone x2  
  60  4:18  Drone x2  
  60  4:20  Extractor  
  60  4:22  Drone x3  
  64  4:27  Roach Warren, Drone  
  64  4:29  Overlord  
  64  4:33  Drone x2  
  64  4:36  Overlord  
  66  4:39  Zerg Missile Weapons Level 1  
  66  4:43  Drone x4  
  66  4:45  Drone  
  71  4:46  Drone  
  71  4:48  Drone  
  71  4:50  Drone  
  71  4:52  Drone x3  
  76  4:55  Overlord  
  76  5:00  Evolution Chamber, Drone  
  76  5:03  Overlord  
  76  5:08  Roach  
  76  5:09  Roach x3  
  84  5:14  Roach x2  
  84  5:15  Glial Reconstitution  
  84  5:17  Overseer  
  84  5:19  Roach x3  
  94  5:23  Roach x2  
  94  5:28  Zerg Ground Armor Level 1  
  98  5:30  Roach x3  
  98  5:34  Pneumatized Carapace  
  106  5:35  Roach  
  106  5:36  Roach  
  106  5:39  Roach x2  
  112  5:45  Roach x3  
  112  5:48  Overlord  
  112  5:49  Roach x2  
  122  5:56  Hatchery  
  121  5:59  Roach x2  
  121  6:03  Overlord  
  125  6:05  Roach  
  125  6:06  Roach  
  129  6:12  Roach x4  
  129  6:15  Overlord x2  
  129  6:18  Overlord  
  137  6:24  Overlord  
  137  6:26  Overlord  
  137  6:29  Ravager  
  137  6:30  Overseer  
  137  6:32  Overlord  
  138  6:35  Roach x6  
  150  6:42  Roach  
  150  6:44  Zerg Missile Weapons Level 2  
  150  6:46  Roach x5  
  162  6:48  Roach x2  
  162  6:52  Drone  
  167  6:55  Roach x3  
  167  6:56  Roach  
  167  6:59  Overlord  
  175  7:05  Overlord, Hydralisk Den  
  174  7:11  Roach x4  
  174  7:15  Drone x2  
  184  7:17  Extractor  
  184  7:18  Drone x2  
  184  7:19  Drone  
  184  7:22  Overlord  
  186  7:26  Zerg Ground Armor Level 2  
  186  7:30  Overseer  
  186  7:39  Extractor  
  186  7:41  Spine Crawler  
  186  7:42  Spine Crawler  
  186  7:43  Spine Crawler  
  183  7:50  Roach  
  183  7:51  Roach x7  
  164  7:59  Roach x6  
  164  8:03  Roach  
  164  8:04  Roach x5  
  182  8:19  Muscular Augments  
  180  8:21  Roach x6  
  190  8:32  Roach x5  
  183  8:48  Hydralisk x5  
  149  8:50  Roach x7  
  149  8:55  Roach x4  
  163  8:58  Roach  
  163  8:59  Roach  
  163  9:02  Roach  
  163  9:09  Roach  
  171  9:10  Roach x5  
  171  9:15  Ravager x2  
  173  9:26  Roach x5  
  173  9:28  Hatchery  
  172  9:32  Roach x5  
  164  9:39  Roach x4  
  164  9:44  Roach  
  164  9:45  Roach x2  
  168  9:51  Roach x3  
  164  9:57  Roach x3  
  170  10:05  Roach x4  
  178  10:07  Lurker Den  
  178  10:21  Drone x2  
  180  10:26  Hydralisk x2  
  180  10:27  Hydralisk x3  
  188  10:32  Hydralisk x3  
  194  10:36  Ravager x2  
  194  10:40  Roach x3  
  200  10:57  Overseer  
  198  11:10  Roach  
  200  11:18  Roach x7  
  184  11:40  Lurker x6  
  184  11:41  Lurker x4  
  186  11:53  Roach x6  
  172  11:58  Roach  
  172  11:59  Roach x7  
  180  12:08  Roach  
  180  12:09  Roach x7  
  196  12:26  Roach x2  
  191  12:39  Roach x3  
  191  12:40  Roach  
  191  12:41  Roach x6  
  178  12:44  Roach  
  178  12:45  Roach x4  
  178  12:48  Roach x9  
  178  12:49  Roach x3  
Tags
 
Add a new tag
Caveats
  • Supply blocks, unpowered buildings, or Contaminate may cause inaccurate times.
  • Supply counts are checked every 10 seconds.